Map: [ESL] Alcyone

Players

GunGFuBanDa

  • Race: Protoss Protoss
  • Spawn Location: 1:00

Gerald - Winner!

  • Race: Protoss Protoss
  • Spawn Location: 7:00

Event: ESL SC2 Masters 2023 Winter (Regional)

VOD

Have the link to the VOD?

Description

Time

  • Played on: Oct. 27, 2023, 12:11 p.m.
  • Length: 14:05

All games in this series

Show
View Real Time Build Order
Export as new Build Order

GunGFuBanDa Protoss 

Build Orders:  

Get SALT Encoding   

  12  0:00  Probe  
  13  0:12  Probe  
  14  0:18  Pylon  
  14  0:24  Probe (Chrono Boost)  
  15  0:36  Probe (Chrono Boost)  
  15  0:37  Gateway  
  16  0:45  Assimilator, Probe (Chrono Boost)  
  17  0:51  Probe  
  17  0:54  Assimilator  
  18  1:03  Probe (Chrono Boost)  
  19  1:07  Gateway  
  19  1:12  Probe (Chrono Boost)  
  19  1:17  Probe (Chrono Boost)  
  20  1:24  Cybernetics Core  
  21  1:30  Probe  
  22  1:35  Pylon  
  22  1:42  Probe  
  23  1:59  Probe  
  23  2:00  Stalker x2  
  23  2:01  Warp Gate  
  28  2:13  Pylon  
  28  2:30  Stalker x2  
  32  2:41  Probe  
  33  2:52  Shield Battery  
  33  2:56  Shield Battery  
  33  3:13  Nexus  
  33  3:16  Probe (Chrono Boost)  
  32  3:28  Probe (Chrono Boost)  
  32  3:33  Twilight Council  
  32  3:34  Probe (Chrono Boost)  
  33  3:42  Probe  
  34  3:54  Probe  
  35  3:58  Sentry  
  35  3:59  Stalker  
  39  4:04  Pylon  
  39  4:06  Blink (Chrono Boost)  
  39  4:23  Probe (Chrono Boost)  
  40  4:25  Probe (Chrono Boost)  
  40  4:30  Sentry, Stalker  
  45  4:34  Probe (Chrono Boost)  
  45  4:35  Probe (Chrono Boost)  
  47  4:39  Probe (Chrono Boost)  
  47  4:40  Probe (Chrono Boost)  
  49  4:49  Probe  
  49  4:52  Probe  
  50  5:01  Stalker, Probe  
  50  5:02  Stalker  
  50  5:04  Probe  
  56  5:13  Probe  
  53  5:16  Dark Shrine, Probe  
  54  5:25  Probe  
  54  5:28  Probe  
  56  5:31  Stalker  
  56  5:32  Stalker  
  56  5:34  Assimilator  
  60  5:36  Pylon  
  60  5:37  Forge  
  60  5:42  Gateway, Probe  
  61  5:45  Probe  
  61  5:48  Shield Battery  
  62  5:54  Probe, Pylon  
  63  5:58  Probe  
  63  6:03  Stalker x2  
  68  6:06  Robotics Facility, Protoss Ground Weapons Level 1 (Chrono Boost), Probe  
  68  6:10  Probe  
  70  6:18  Probe  
  71  6:44  Nexus  
  69  6:49  Pylon  
  65  6:55  Observer (Chrono Boost)  
  62  7:05  Stalker x3  
  62  7:07  Shield Battery  
  64  7:14  Immortal (Chrono Boost)  
  64  7:18  Shield Battery  
  64  7:21  Probe (Chrono Boost)  
  69  7:23  Probe (Chrono Boost)  
  69  7:28  Sentry, Stalker x2  
  76  7:33  Probe (Chrono Boost)  
  76  7:35  Probe (Chrono Boost)  
  78  7:38  Pylon  
  78  7:44  Pylon  
  78  7:49  Pylon  
  78  7:57  Probe x2 (Chrono Boost), Stalker x3  
  86  8:05  Protoss Ground Weapons Level 2 (Chrono Boost)  
  86  8:06  Probe (Chrono Boost)  
  86  8:12  Gateway x2  
  83  8:14  Probe x2 (Chrono Boost)  
  83  8:15  Probe (Chrono Boost)  
  81  8:20  Probe (Chrono Boost)  
  81  8:21  Probe (Chrono Boost)  
  83  8:28  Photon Cannon  
  83  8:32  Observer, Probe x2 (Chrono Boost)  
  86  8:36  Pylon  
  86  8:38  Observer, Probe (Chrono Boost)  
  86  8:39  Stalker x2  
  86  8:40  Probe (Chrono Boost), Stalker  
  94  8:42  Probe (Chrono Boost)  
  94  8:44  Probe (Chrono Boost)  
  94  8:47  Probe  
  96  8:48  Assimilator  
  96  8:51  Probe  
  97  8:57  Probe  
  97  8:59  Probe  
  97  9:00  Robotics Bay  
  99  9:03  Photon Cannon  
  99  9:04  Probe  
  99  9:08  Shield Battery  
  99  9:09  Probe  
  97  9:13  Probe  
  97  9:16  Probe  
  99  9:17  Assimilator  
  99  9:21  Probe  
  99  9:22  Pylon  
  100  9:25  Probe  
  100  9:28  Sentry, Stalker x2, Probe  
  100  9:29  Stalker x2  
  112  9:34  Assimilator  
  112  9:37  Pylon  
  112  9:44  Photon Cannon  
  112  9:48  Disruptor (Chrono Boost)  
  116  10:03  Stalker x2  
  116  10:04  Stalker x3  
  126  10:07  Gateway  
  126  10:09  Pylon  
  126  10:13  Disruptor (Chrono Boost)  
  130  10:27  Gateway, Stalker x5  
  140  10:28  Gateway  
  140  10:33  Pylon  
  140  10:39  Protoss Ground Weapons Level 3 (Chrono Boost)  
  140  10:40  Disruptor (Chrono Boost)  
  144  10:51  Probe  
  145  11:03  Pylon  
  145  11:05  Pylon  
  145  11:06  Nexus  
  145  11:07  Disruptor (Chrono Boost), Pylon  
  147  11:33  Probe  
  147  11:39  Dark Templar x2, Charge  
  152  11:40  Dark Templar  
  152  11:41  Disruptor (Chrono Boost)  
  152  11:44  Probe x2  
  152  11:45  Photon Cannon  
  152  11:46  Photon Cannon  
  160  11:48  Shield Battery  
  160  11:49  Probe  
  160  11:52  Assimilator  
  161  11:55  Assimilator  
  161  11:56  Probe x2  
  163  12:01  Probe  
  163  12:08  Probe x2  
  166  12:12  Disruptor (Chrono Boost)  
  168  12:23  Zealot x8  
  168  12:25  Zealot x6  
  141  12:39  Probe  
  141  12:43  Disruptor (Chrono Boost)  
  116  12:57  Stalker x8  
  120  13:04  Probe  
  120  13:05  Probe  
  118  13:08  Nexus  
  118  13:09  Pylon  
  118  13:15  Disruptor (Chrono Boost)  
  108  13:35  Probe  
  108  13:36  Stalker x6  
  108  13:37  Shield Battery  
  121  13:41  Probe  
Show
View Real Time Build Order
Export as new Build Order

Gerald Protoss - Winner!

Build Orders: Oracle Opening 

Get SALT Encoding   

  12  0:00  Probe  
  13  0:12  Probe  
  14  0:17  Pylon  
  14  0:24  Probe (Chrono Boost)  
  16  0:36  Gateway, Probe (Chrono Boost)  
  16  0:43  Probe (Chrono Boost)  
  16  0:46  Assimilator  
  17  0:51  Probe  
  17  0:54  Assimilator  
  18  1:03  Probe (Chrono Boost)  
  19  1:07  Gateway  
  19  1:12  Probe (Chrono Boost)  
  20  1:22  Probe  
  20  1:24  Cybernetics Core  
  21  1:34  Pylon, Probe  
  22  1:46  Probe  
  23  1:58  Probe  
  24  2:02  Stargate  
  24  2:03  Adept  
  24  2:04  Adept  
  28  2:10  Probe  
  28  2:13  Warp Gate  
  29  2:19  Pylon  
  29  2:29  Probe  
  30  2:41  Probe  
  30  2:42  Oracle (Chrono Boost)  
  34  2:53  Probe  
  34  2:58  Stalker  
  37  3:03  Shield Battery  
  37  3:06  Probe  
  37  3:11  Pylon  
  35  3:30  Nexus  
  35  3:31  Pylon  
  35  3:37  Twilight Council, Probe  
  36  3:50  Probe  
  37  4:02  Probe  
  38  4:09  Blink (Chrono Boost)  
  36  4:14  Probe  
  37  4:18  Stalker x2  
  41  4:25  Pylon  
  41  4:26  Probe  
  41  4:31  Shield Battery  
  42  4:38  Probe  
  43  4:40  Gateway  
  43  4:49  Probe  
  43  4:50  Probe  
  43  4:51  Stalker  
  47  5:00  Stalker  
  47  5:01  Probe  
  47  5:02  Probe  
  54  5:16  Probe  
  54  5:18  Probe, Stalker  
  57  5:21  Gateway  
  57  5:28  Pylon, Probe  
  55  5:29  Stalker  
  55  5:35  Stalker, Probe  
  58  5:42  Nexus  
  60  5:51  Pylon, Stalker  
  60  5:55  Stalker  
  60  5:56  Probe  
  65  6:05  Probe  
  65  6:08  Probe  
  65  6:09  Pylon  
  67  6:13  Robotics Facility  
  67  6:17  Stalker x2  
  71  6:18  Assimilator  
  71  6:26  Oracle (Chrono Boost)  
  74  6:33  Probe x2  
  74  6:35  Forge  
  74  6:36  Shield Battery  
  76  6:45  Probe x2  
  77  6:52  Stalker  
  77  6:53  Stalker x3  
  81  6:57  Probe (Chrono Boost)  
  78  7:04  Probe (Chrono Boost)  
  78  7:08  Shield Battery  
  76  7:11  Probe (Chrono Boost)  
  76  7:13  Observer (Chrono Boost)  
  76  7:15  Probe x2 (Chrono Boost)  
  79  7:16  Stalker x2  
  79  7:20  Probe (Chrono Boost)  
  79  7:21  Probe (Chrono Boost)  
  79  7:22  Probe (Chrono Boost)  
  86  7:26  Protoss Ground Weapons Level 1 (Chrono Boost), Stalker x2  
  86  7:28  Observer  
  91  7:30  Probe x2  
  91  7:33  Probe  
  91  7:34  Assimilator  
  94  7:48  Gateway  
  94  7:49  Gateway  
  94  7:51  Stalker, Probe  
  94  7:54  Pylon  
  95  8:06  Charge (Chrono Boost)  
  95  8:18  Stalker  
  95  8:19  Stalker x3  
  103  8:23  Gateway  
  103  8:25  Gateway, Photon Cannon  
  103  8:26  Pylon  
  103  8:29  Pylon  
  103  8:35  Pylon  
  103  8:37  Immortal (Chrono Boost)  
  107  8:46  Photon Cannon  
  107  8:50  Zealot x5  
  107  8:51  Zealot  
  119  8:58  Observer  
  119  9:01  Nexus  
  119  9:13  Probe x2  
  119  9:15  Photon Cannon  
  119  9:16  Observer, Shield Battery  
  121  9:18  Templar Archives  
  121  9:20  Protoss Ground Weapons Level 2 (Chrono Boost)  
  121  9:27  Zealot x4  
  129  9:33  Observer  
  129  9:35  Pylon x2  
  129  9:39  Pylon  
  129  9:42  Zealot x2  
  129  9:43  Observer  
  133  9:53  Probe  
  134  10:00  Probe  
  134  10:01  Robotics Bay  
  134  10:03  Robotics Facility, Probe  
  136  10:13  Zealot x8  
  152  10:17  Photon Cannon  
  152  10:22  Probe  
  152  10:25  Observer  
  152  10:27  Robotics Facility  
  154  10:28  Pylon  
  152  10:51  Zealot x8  
  152  10:55  Pylon  
  168  11:00  Disruptor  
  168  11:01  Disruptor  
  176  11:04  Assimilator  
  176  11:08  Assimilator  
  176  11:17  Nexus, Disruptor  
  177  11:36  Disruptor x2  
  185  11:40  Photon Cannon  
  185  11:41  Shield Battery  
  185  11:44  Pylon x2  
  185  11:46  Assimilator, Pylon  
  185  11:51  Gateway  
  185  11:53  Gateway, Assimilator  
  185  11:55  Gateway, Assimilator  
  185  11:58  Gateway  
  185  12:00  Pylon  
  185  12:01  Disruptor, Pylon  
  185  12:06  Zealot x5  
  199  12:12  Disruptor  
  185  12:16  Disruptor  
  171  12:37  Disruptor (Chrono Boost)  
  171  12:42  Stalker x5  
  171  12:43  Stalker x3  
  173  12:44  Probe  
  173  12:46  Probe  
  159  12:55  Disruptor (Chrono Boost)  
  145  13:00  Probe  
  145  13:01  Disruptor (Chrono Boost)  
  143  13:08  Probe x4  
  143  13:28  Zealot x12  
  171  13:43  Fleet Beacon, Stargate  
Tags
 
Add a new tag
Caveats
  • Supply blocks, unpowered buildings, or Contaminate may cause inaccurate times.
  • Supply counts are checked every 10 seconds.